 Dungeon Crawl Stone Soup version 0.22.1-1-ga44c0e5 (webtiles) character file.

4694 Torikoriko the Fighter (level 10, -7/166 HPs)
             Began as an Ogre Gladiator on Sept 22, 2018.
             Was a Priest of Zin.
             Mangled by a killer bee (8 damage)
             ... on level 9 of the Dungeon.
             The game lasted 00:38:00 (12966 turns).

Torikoriko the Fighter (Ogre Gladiator)            Turns: 12966, Time: 00:38:02

Health: -7/166     AC:  4    Str: 28    XL:     10   Next: 44%
Magic:  22/22      EV: 13    Int: 10    God:    Zin [***...]
Gold:   366        SH:  0    Dex: 14    Spells: 9/9 levels left

rFire    . . .     SeeInvis .   A - +0 flail
rCold    . . .     Gourm    .   (no shield)
rNeg     . . .     Faith    .   b - +0 robe
rPois    ∞         Spirit   .   c - +1 hat
rElec    .         Reflect  .   (no cloak)
rCorr    .         Harm     .   (gloves unavailable)
MR       +....                  (boots unavailable)
Stlth    ..........             (no amulet)
HPRegen  0.37/turn              h - +2 ring of strength
MPRegen  0.18/turn              x - ring of magical power

@: berserking (expiring), vitalised, very quick
A: large, unfitting armour, tough skin 1
a: Recite, Vitalisation, Imprison, Donate Gold, Renounce Religion


You were on level 9 of the Dungeon.
You worshipped Zin.
Zin was most pleased with you.
You were hungry.

You visited 2 branches of the dungeon, and saw 10 of its levels.
You also visited: Ossuary.

You collected 406 gold pieces.
You donated 40 gold pieces to Zin.

Inventory:

Hand Weapons
 a - a +2 giant club
 A - a +0 flail (weapon)
Missiles
 d - 3 throwing nets {!f}
 e - 229 stones
 r - 44 poisoned needles
 y - 5 curare-tipped needles {!f}
 z - 10 tomahawks (quivered)
Armour
 b - a +0 robe (worn)
 c - a +1 hat (worn)
Jewellery
 h - a +2 ring of strength (left hand)
 x - a ring of magical power (right hand)
Wands
 k - a wand of flame (22)
 B - a wand of paralysis (13)
Scrolls
 n - 5 scrolls of remove curse
 t - a scroll of magic mapping
 u - 3 scrolls of teleportation {unknown}
 C - 2 scrolls of amnesia {unknown}
 D - 2 scrolls of fog {unknown}
 G - a scroll of torment {unknown}
Potions
 g - a potion of mutation
 i - 3 potions of curing
 l - 2 potions of brilliance
 m - a potion of ambrosia
 o - 2 potions of flight
 p - a potion of magic {unknown}
 q - 2 potions of heal wounds
 s - 2 potions of might
 v - a potion of agility
 w - a potion of cancellation
 F - a potion of haste
 H - a potion of lignification {unknown}
Comestibles
 f - 19 rations


   Skills:
 + Level 10.9 Fighting
 * Level 9.7 Maces & Flails
 - Level 2.0 Throwing
 - Level 6.0 Dodging
 - Level 5.0 Invocations


You had 9 spell levels left.
You didn't know any spells.
Your spell library contained the following spells:

 Spells                   Type           Power        Failure   Level  Hunger
 Confusing Touch          Hex            #.....       36%         1    ##.....
 Corona                   Hex            #......      36%         1    ##.....
 Slow                     Hex            #.......     50%         2    ###....
 Confuse                  Hex            #.......     75%         3    ####...
 Gell's Gravitas          Tloc           #.........   75%         3    ####...
 Inner Flame              Hex/Fire       #.......     75%         3    ####...
 Portal Projectile        Hex/Tloc       #.....       75%         3    ####...
 Cause Fear               Hex            #.........   98%         4    #####..
 Leda's Liquefaction      Hex/Erth       #.........   98%         4    #####..
 Petrify                  Tmut/Erth      #.......     98%         4    #####..
 Metabolic Englaciation   Hex/Ice        #.........   100%        5    ######.
 Yara's Violent Unravell  Hex/Tmut       #.........   100%        5    ######.


Dungeon Overview and Level Annotations

Branches:
Dungeon (9/15)             Temple (1/1) D:4
   Lair: D:8-11         Orc: D:9-12

Altars:
Ashenzari
Cheibriados
Dithmenos
Elyvilon
Fedhas
Gozag
Hepliaklqana
Kikubaaqudgha
Makhleb
Nemelex Xobeh
Okawaru
Qazlal
Ru
Sif Muna
Trog
Uskayaw
Vehumet
Wu Jian
Xom
Yredelemnul
Zin
The Shining One


Innate Abilities, Weirdness & Mutations

You are too large for most types of armour.
You have tough skin. (AC +1)


Message History

A - a +0 flail (weapon)
The killer bee stings you but does no damage.
The killer bee stings you.
* * * LOW HITPOINT WARNING * * *
Your divine stamina protects you from poison!
You barely miss the killer bee. The killer bee stings you.
* * * LOW HITPOINT WARNING * * *
Your divine stamina protects you from poison!
The killer bee stings you.
* * * LOW HITPOINT WARNING * * *
Your divine stamina protects you from poison!
The killer bee stings you.
* * * LOW HITPOINT WARNING * * *
Your divine stamina protects you from poison!
You are too berserk!
You closely miss the killer bee. The killer bee stings you.
* * * LOW HITPOINT WARNING * * *
Your divine stamina protects you from poison!
The killer bee stings you!
You die...

#.........####.
######'### ## #
####....# #.#######
#..>.#### ........###
#.####
.......†'.#####.########
........#...##..........
........###yy#..........
....y...#
##@y.............##
........# ###..........
#... ###+#####
###.####### #### #.# #.#
#.. #.


You could see 3 killer bees.

Vanquished Creatures
  Grinder (D:6)
  A hornet (D:9)
  A hippogriff (D:7)
  Sigmund (D:6)
  A steam dragon (D:7)
  A hungry ghost (D:8)
  Menkaure (D:4)
  2 ice beasts
  A black bear (D:9)
  A sky beast (D:5)
  4 ogres
  A necrophage (D:7)
  3 phantoms
  2 centaurs
  Blork the orc (D:6)
  2 elf zombies (Ossuary)
  5 bullfrogs
  2 wyvern zombies (D:5)
  A killer bee (D:9)
  4 wights (D:9)
  4 howler monkeys
  A bullfrog zombie (D:5)
  5 crimson imps
  2 hounds
  2 centaur skeletons
  3 jellies
  3 orc priests (D:8)
  3 orc wizards
  Ijyb (D:4)
  Natasha (thrice) (D:2)
  5 iguanas
  6 worker ants
  2 big kobold zombies (Ossuary)
  A hound zombie (D:6)
  A hound skeleton (D:7)
  4 mummies (Ossuary)
  A howler monkey skeleton (D:8)
  2 gnolls
  10 adders
  A river rat (D:5)
  2 shadow imps
  An ooze (D:1)
  3 adder zombies
  An adder skeleton (D:4)
  2 dart slugs
  2 worms
  13 leopard geckos
  16 orcs
  3 ball pythons
  3 giant cockroaches
  A gnoll zombie (Ossuary)
  7 goblins
  2 hobgoblins
  14 jackals
  4 quokkas
  4 bats
  4 frilled lizards
  A hobgoblin zombie (Ossuary)
  A jackal zombie (Ossuary)
  8 kobolds
  A leopard gecko skeleton (D:5)
  2 orc zombies (Ossuary)
  A quokka skeleton (D:5)
  A quokka zombie (D:6)
  9 rats
  2 rat zombies (Ossuary)
204 creatures vanquished.

Vanquished Creatures (others)
  A gnoll (D:8)
1 creature vanquished.

Grand Total: 205 creatures vanquished

Notes
Turn   | Place    | Note
-------+----------+-------------------------------------------
     0 | D:1      | Torikoriko the Ogre Gladiator began the quest for the Orb.
     0 | D:1      | Reached XP level 1. HP: 22/22 MP: 1/1
   126 | D:1      | Reached skill level 3 in Fighting
   126 | D:1      | Reached XP level 2. HP: 28/31 MP: 2/2
   432 | D:1      | Reached XP level 3. HP: 28/37 MP: 3/3
  1842 | D:2      | Found a white marble altar of Elyvilon.
  1844 | D:2      | Found an ancient bone altar of Kikubaaqudgha.
  1850 | D:2      | Found a deep blue altar of Sif Muna.
  1854 | D:2      | Found a snail-covered altar of Cheibriados.
  1875 | D:2      | Became a worshipper of Elyvilon the Healer
  1940 | D:2      | Reached XP level 4. HP: 45/48 MP: 4/4
  2000 | D:2      | Reached skill level 4 in Fighting
  2657 | D:2      | Reached * piety under Elyvilon
  2768 | D:2      | Noticed Natasha
  2781 | D:2      | Killed Natasha
  2781 | D:2      | Reached XP level 5. HP: 38/55 MP: 5/5
  3257 | D:2      | Noticed Natasha
  3276 | D:2      | Killed Natasha
  3844 | D:2      | Noticed Natasha
  3850 | D:2      | Killed Natasha
  4139 | D:3      | Reached skill level 5 in Fighting
  4143 | D:3      | Reached XP level 6. HP: 47/66 MP: 6/6
  4494 | D:3      | Reached ** piety under Elyvilon
  5609 | D:4      | Noticed Menkaure
  5622 | D:4      | Killed Menkaure
  5622 | D:4      | Reached skill level 6 in Fighting
  5622 | D:4      | Reached XP level 7. HP: 10/75 MP: 7/7
  6085 | D:4      | Noticed Ijyb
  6089 | D:4      | Paralysed by Ijyb for 5 turns
  6099 | D:4      | Killed Ijyb
  6177 | D:4      | Found a staircase to the Ecumenical Temple.
  6183 | Temple   | Entered the Ecumenical Temple
  6444 | D:5      | Entered Level 5 of the Dungeon
  6459 | D:4      | Reached skill level 5 in Maces & Flails
  6459 | D:4      | Reached skill level 5 in Dodging
  6712 | D:5      | Reached skill level 7 in Fighting
  6748 | D:5      | Reached *** piety under Elyvilon
  6786 | D:5      | Found a sand-covered staircase.
  6835 | Ossuary  | Entered an ossuary
  6877 | Ossuary  | Reached XP level 8. HP: 25/87 MP: 8/8
  6939 | Ossuary  | HP: 4/87 [elf zombie (3)]
  7860 | D:5      | Found a hazy altar of Hepliaklqana.
  7868 | D:5      | Found a glowing silver altar of Zin.
  7871 | D:5      | Fell from the grace of Elyvilon
  7871 | D:5      | Became a worshipper of Zin the Law-Giver
  7871 | D:5      | Reached * piety under Zin
  7871 | D:5      | Reached ** piety under Zin
  8272 | D:5      | Reached skill level 8 in Fighting
  9207 | D:6      | Noticed Grinder
  9314 | D:6      | Reached XP level 9. HP: 80/97 MP: 9/9
  9319 | D:6      | Noticed Sigmund
  9636 | D:5      | Reached skill level 9 in Fighting
  9763 | D:6      | Reached skill level 1 in Invocations
  9818 | D:6      | Noticed Blork the orc
  9843 | D:6      | Killed Blork the orc
  9967 | D:6      | Found a sparkling altar of Nemelex Xobeh.
  9970 | D:6      | Found an opulent altar of Gozag.
 10037 | D:6      | Killed Sigmund
 10231 | D:6      | Paralysed by Grinder for 4 turns
 10243 | D:6      | Killed Grinder
 10581 | D:7      | Reached *** piety under Zin
 10775 | D:7      | Reached skill level 10 in Fighting
 11415 | D:8      | Reached XP level 10. HP: 107/110 MP: 12/12
 12559 | D:9      | Reached skill level 5 in Invocations
 12965 | D:9      | HP: 8/166 [killer bee (1)]
 12965 | D:9      | HP: 3/166 [killer bee (5)]
 12966 | D:9      | HP: 1/166 [killer bee (2)]
 12966 | D:9      | Mangled by a killer bee

Skill      XL: |  1  2  3  4  5  6  7  8  9 10 |
---------------+-------------------------------+-----
Fighting       | 3 4 5 6 7 8 10 | 10.9
Maces & Flails | 3 4 5 6 8 9 |  9.7
Dodging        | 3 4 5 6 |  6.0
Invocations    | 3 5 |  5.0
Throwing       | |  2.0

Action                   |  1- 3 |  4- 6 |  7- 9 | 10-12 || total
-------------------------+-------+-------+-------+-------++-------
Melee: Flail             |    99 |   187 |   236 |     2 ||   524
       Giant club        |       |       |   182 |    91 ||   273
Throw: Stone             |     1 |    14 |     4 |       ||    19
       Throwing net      |       |       |     2 |       ||     2
       Tomahawk          |       |       |    11 |     1 ||    12
Invok: Lesser Healing    |       |     1 |    21 |       ||    22
       Vitalisation      |       |       |     9 |     4 ||    13
       Recite            |       |       |     6 |     3 ||     9
  Use: Scroll            |       |       |    12 |     4 ||    16
       Potion            |       |       |     2 |     1 ||     3
 Stab: Held in net/web   |       |       |     1 |       ||     1
       Distracted        |       |       |     1 |     1 ||     2
       Confused          |       |       |     1 |       ||     1
       Sleeping          |       |       |       |     1 ||     1
  Eat: Chunk             |     3 |     8 |     8 |     3 ||    22
       Ration            |       |     1 |     4 |     1 ||     6
Armor: Robe              |    35 |    30 |    74 |    16 ||   155
Dodge: Dodged            |    67 |   105 |   287 |   102 ||   561
